 Dungeon Crawl Stone Soup version 0.14-a0-1613-gd720e3e (webtiles) character file.

201 M4edhros the Poker (level 4, -1/37 (38) HPs)
             Began as a Draconian Chaos Knight on Dec 24, 2013.
             Was a Plaything of Xom.
             Slain by a giant gecko (2 damage)
             ... on Level 5 of the Dungeon.
             The game lasted 00:04:10 (1866 turns).

M4edhros the Poker (Draconian Chaos Knight)         Turns: 1866, Time: 00:04:10

HP  -1/37 (38)   AC  7     Str 14      XL: 4   Next: 77%
MP   4/4         EV 12     Int 13      God: Xom
Gold 80          SH  0     Dex 11      Spells:  0 memorised,  3 levels left

rFire  . . .     SeeInvis .     a - +0 spear (chaos)
rCold  . . .     Clarity  .     (armour unavailable)
rNeg   . . .     Conserve .     (no shield)
rPois  .         rCorr    .     (helmet restricted)
rElec  .         rRot     .     (no cloak)
SustAb . .       Spirit   .     (no gloves)
rMut   .         Warding  .     (no boots)
Saprov . . .     Stasis   .     (no amulet)
                                (no ring)
                                g - +2 ring of protection

@: drained, slightly resistant to hostile enchantments, unstealthy
A: unfitting armour, berserk 1, AC +5
a: Renounce Religion


You were on level 5 of the Dungeon.
You worshipped Xom.
You were a plaything of Xom.
You were hungry.

You visited 1 branch of the dungeon, and saw 5 of its levels.

You collected 80 gold pieces.

Inventory:

Hand weapons
 a - a +0,+0 spear of chaos (weapon)
Comestibles
 c - 2 bread rations
 f - a pear
 i - 13 grapes
 l - a meat ration
Scrolls
 b - 4 scrolls of remove curse {unknown}
 d - 2 scrolls of enchant armour {unknown}
 e - a scroll of magic mapping {unknown}
 j - a scroll of curse armour {unknown}
 k - a scroll of fog {unknown}
 o - a scroll of curse weapon {unknown}
Jewellery
 g - a +2 ring of protection (left hand)
Potions
 m - a potion of curing {unknown}
 n - a potion of poison {unknown}
 p - a potion of brilliance {unknown}


   Skills:
 - Level 3.2(2.3) Fighting
 + Level 4.6(3.6) Polearms
 + Level 3.4(2.5) Dodging


You had 3 spell levels left.
You didn't know any spells.

Dungeon Overview and Level Annotations

Branches:
Dungeon (5/16)
 Temple: D:4-7

Altars:
Okawaru

Annotations:
D:3 ilii's ghost, average DrSk


Innate Abilities, Weirdness & Mutations

Your plain brown scales are hard (AC +5).
Your body does not fit into most forms of armour.
Your cold-blooded metabolism reacts poorly to cold.
You tend to lose your temper in combat.


Message History

You could not reach far enough!
The yak zombie is no longer charmed.
The yak zombie gores you!
* * * LOW HITPOINT WARNING * * *
Attack whom?
Press: ? - help, Dir - move target cursor, f - yak zombie
Aim: a yak zombie
Okay, then.
It bites you but does no damage.
Xom's power touches on a nearby monster.
There is a stone staircase leading down here.
It bites you but does no damage.
You climb downwards.
Found a mace.
Found a stone staircase leading up.
There is a stone staircase leading up here.
You start resting.
It bites you.
* * * LOW HITPOINT WARNING * * *
Xom is mildly amused.
You start resting.
It bites you but does no damage. It bites you.
You die...
Xom yawns loudly!

########+##
#...).......
#......<....+
#...........#
#...........#
#...........#
#....@......#
#...........#
#############


There were no monsters in sight!

Vanquished Creatures
  5 adders
  A gnoll (D:2)
  2 worms (D:2)
  An inept item mimic (D:2)
  2 giant geckos (D:2)
  2 oozes (D:1)
  3 orcs (D:2)
  5 bats
  5 giant cockroaches
  7 hobgoblins
  7 kobolds
  4 giant newts
  5 goblins
  3 rats
52 creatures vanquished.

Notes
Turn   | Place    | Note
--------------------------------------------------------------
     0 | D:1      | M4edhros, the Draconian Chaos Knight, began the quest for the Orb.
     0 | D:1      | Reached XP level 1. HP: 19/19 MP: 1/1
   107 | D:1      | XOM: harmless Conj miscast
   135 | D:1      | XOM: potion effect (might)
   150 | D:1      | Reached XP level 2. HP: 26/26 MP: 2/2
   207 | D:1      | XOM: harmless Fire miscast
   233 | D:1      | XOM: 2-stop teleportation journey
   389 | D:1      | XOM: divination: detect items
   459 | D:1      | XOM: 4-stop teleportation journey
   551 | D:1      | XOM: summons 5 hostile shadow creatures
   892 | D:2      | Reached XP level 3. HP: 19/31 MP: 3/3
   922 | D:2      | XOM: colour smoke trail
   931 | D:2      | XOM: medium Divn miscast
   958 | D:2      | XOM: mild Hex miscast
   966 | D:2      | XOM: harmless Fire miscast
  1136 | D:2      | Found an iron altar of Okawaru.
  1150 | D:2      | Reached skill level 4 in Polearms
  1465 | D:2      | XOM: confusion (+ monsters)
  1536 | D:2      | Reached XP level 4. HP: 38/38 MP: 4/4
  1574 | D:2      | XOM: 2-stop teleportation journey
  1665 | D:2      | XOM: give mutation
  1665 | D:2      | Gained mutation: You tend to lose your temper in combat. [Xom's mischief]
  1691 | D:2      | XOM: medium Pois miscast
  1723 | D:2      | XOM: draining
  1771 | D:2      | XOM: summons 2 hostile demons
  1772 | D:2      | Noticed a red devil
  1825 | D:3      | Noticed ilii's ghost (average DrSk)
  1826 | D:3      | XOM: mild Necr miscast
  1833 | D:4      | XOM: enchant monster (bad)
  1838 | D:4      | XOM: enchant monster (good)
  1858 | D:4      | XOM: silly message
  1862 | D:4      | XOM: enchant monster (bad)
  1864 | D:5      | Entered Level 5 of the Dungeon
  1865 | D:5      | HP: 1/37 [something (5)]
  1866 | D:5      | Slain by a giant gecko

Action                   |  1- 3 |  4- 6 || total
-------------------------+-------+-------++-------
Melee: Spear             |   153 |    48 ||   201
  Use: Potion            |     2 |       ||     2
 Stab: Paralysed         |       |     1 ||     1
